 Dungeon Crawl Stone Soup version 0.31-a0-1178-gc5c9b8f871 (webtiles) character file.

Game seed: 3154416616216370414

54 qw the Shooter (level 3, 0/23 HPs)
             Began as a Gargoyle Hunter on Dec 11, 2023.
             Slain by Sigmund
             ... wielding a +1 scythe of freezing
              (4 damage)
             ... on level 2 of the Dungeon.
             The game lasted 00:00:22 (737 turns).

qw the Shooter (Gargoyle Hunter)                     Turns: 737, Time: 00:00:22

Health: 0/23       AC:  7    Str: 14    XL:     3   Next: 91%
Magic:  3/3        EV: 11    Int:  9    God:
Gold:   126        SH:  0    Dex: 15    Spells: 2/2 levels left

rFire   . . .        a - +0 shortbow
rCold   . . .        (shield currently unavailable)
rNeg    + . .        c - +1 leather armour
rPois   inf          (no helmet)
rElec   +            (no cloak)
rCorr   .            (no gloves)
SInv    .            (no boots)
Will    .....        (no amulet)
Stlth   ++           (no ring)
HPRegen 0.23/turn    (no ring)
MPRegen 0.08/turn

%: no passive effects
@: no status effects
A: sickness immunity, AC +3, negative energy resistance 1, electricity
resistance, torment resistance 1, petrification resistance
a: no special abilities


You were on level 2 of the Dungeon.
You visited 1 branch of the dungeon, and saw 2 of its levels.

You collected 126 gold pieces.


Innate Abilities, Weirdness & Mutations

You are immune to sickness and miasma.
Your stone body is resilient. (AC +3)
You are immune to poison.
You resist negative energy. (rN+)
You are resistant to electric shocks. (rElec)
You are resistant to unholy torment.
You are immune to petrification.


   Skills:
 - Level 3.1 Fighting
 + Level 5.0 Ranged Weapons
 - Level 1.5 Dodging
 - Level 1.1 Stealth


You had 2 spell levels left.
You didn't know any spells.
Your spell library was empty.

Inventory:

Hand Weapons
 a - a +0 shortbow (weapon)
Armour
 c - a +1 leather armour (worn)
Potions
 f - 3 potions of curing

Dungeon Overview and Level Annotations

Branches:
Dungeon (2/15)

Altars:

Annotations:
D:2 Sigmund


Message History

Terence misses you.
You shoot an arrow. The arrow hits Terence.
Terence is almost dead.
Terence hits you with a +0 falchion.
You shoot an arrow. The arrow hits Terence.
You kill Terence!
Your Fighting skill increases to level 3!
You start resting.
HP restored.
Things that are here:
a +0 falchion; a +0 scale mail; the human corpse of Terence You see here a +0 robe.
Sigmund and a kobold come into view.
Sigmund is wielding a +1 scythe of freezing.
Found a scroll of identify.
You shoot an arrow. The arrow hits Sigmund.
Sigmund shouts!
Sigmund is lightly wounded.
Sigmund says, "You will soon forget everything."
You shoot an arrow. The arrow barely misses Sigmund.
Sigmund hits you from afar with a +1 scythe of freezing!
Sigmund freezes you.
You shoot an arrow. The arrow closely misses Sigmund.
Sigmund gestures wildly while chanting.
Sigmund flickers and vanishes!
Deactivating autopickup; reactivate with Ctrl-A.
You shoot an arrow. Something completely misses you.
You shoot an arrow. The arrow closely misses the kobold.
The kobold misses you. Something hits you but does no damage.
You shoot an arrow. The arrow misses the kobold.
The kobold hits you but does no damage.
You shoot an arrow. The arrow hits the kobold.
You kill the kobold!
A magic dart appears from out of thin air!
The magic dart hits you. Something hits you. Something freezes you.
You shoot an arrow. You shoot an arrow. Something hits you.
You die...

.........#
####.###....#?........#
#.# ........... #.#
#........ #.## .......
#..# ..... ##.## ..{
#..### #)#
##...#######@#
..####......##.#
#...........##.#
######......#..#
########.....#.##
........######.#
#######.).....[#
########.# ###


There were no monsters in sight!

Vanquished Creatures
  Terence (D:2)
  An endoplasm (D:1)
  A goblin (D:1)
  5 hobgoblins (D:1)
  5 kobolds
  2 quokkas (D:1)
  5 ball pythons
  2 bats (D:1)
  A frilled lizard (D:2)
  5 rats
28 creatures vanquished.

Notes
Turn   | Place    | Note
-------+----------+-------------------------------------------
     0 | D:1      | qw the Gargoyle Hunter began the quest for the Orb.
     0 | D:1      | Reached XP level 1. HP: 12/12 MP: 1/1
     0 | D:1      | 0 ||| qw: Version: 0.3-a-106-g2cfff9e
     0 | D:1      | 0 ||| qw: Game counter: 2020
     0 | D:1      | 0 ||| qw: Melee chars always use a shield: true
     0 | D:1      | 0 ||| qw: God list: Okawaru
     0 | D:1      | 0 ||| qw: Allow faded altars: false
     0 | D:1      | 0 ||| qw: Do Orc after clearing Dungeon:15 true
     0 | D:1      | 0 ||| qw: Do second Lair branch before Depths: true
     0 | D:1      | 0 ||| qw: Lair rune preference: random
     0 | D:1      | 0 ||| qw: Goals: Normal, Save, Zot:1-4, Win
     0 | D:1      | 0 ||| PLANNING D:1-11
   165 | D:1      | Reached XP level 2. HP: 17/17 MP: 2/2
   483 | D:1      | Reached XP level 3. HP: 20/21 MP: 3/3
   560 | D:1      | 560 ||| READING scroll labelled XESSYIGHATU.
   560 | D:1      | 560 ||| IDENTIFYING black potion
   561 | D:1      | 561 ||| READING scroll labelled AMYWKU IHOV.
   561 | D:1      | 561 ||| ENCHANTING +0 leather armour.
   562 | D:1      | 562 ||| READING scroll labelled WECIGI BUFARI.
   563 | D:1      | 563 ||| DRINKING 4 bubbling purple potions.
   564 | D:1      | 564 ||| DROPPING scroll of butterflies.
   565 | D:1      | 565 ||| DROPPING potion of degeneration.
   598 | D:2      | Reached skill level 5 in Ranged Weapons
   664 | D:2      | Noticed Terence
   677 | D:2      | Killed Terence
   678 | D:2      | Reached skill level 3 in Fighting
   728 | D:2      | Noticed Sigmund
   735 | D:2      | HP: 4/23 [something (3)]
   737 | D:2      | Slain by Sigmund

Levels and vault maps discovered:
D:1:      wander_arrival_lonely_grave, layout_loops_ring
D:2:      layout_rooms, kennysheep_cross_bottleneck, uniq_terence, uniq_sigmund

Skill      XL: |  1  2  3 |
---------------+----------+-----
Ranged Weapons | 5 |  5.0
Fighting       | 3 |  3.1
Dodging        | |  1.5
Stealth        | |  1.1

Action                     || total
---------------------------++-------
   Fire: Shortbow          ||    98
    Use: Scroll            ||     3
         Potion            ||     1
 Armour: Leather armour    ||    19
  Dodge: Dodged            ||    27

Table legend:
 A = Non-vault XP
 B = Vault XP
 C = Vault XP percentage of total XP
 D = Non-vault monster count
 E = Vault monster count
 F = Vault count percentage of total count
                 A         B        C        D         E       F
            +---------+---------+-------+---------+---------+-------
      Total |      42 |      36 |  46.2 |      27 |       1 |   3.6
            +---------+---------+-------+---------+---------+-------
        D:1 |      37 |       0 |   0.0 |      22 |       0 |   0.0
        D:2 |       5 |      36 |  87.8 |       5 |       1 |  16.7
            +---------+---------+-------+---------+---------+-------
